 Dungeon Crawl Stone Soup version 0.27-a0-1245-g940ed4fa31 (webtiles) character file.

Game seed: 16347057257601420385

28 funkygono the Firebug (level 3, -1/36 HPs)
             Began as a Formicid Fire Elementalist on June 10, 2021.
             Slain by an adder (2 damage)
             ... on level 4 of the Dungeon.
             The game lasted 00:02:10 (1334 turns).

funkygono the Firebug (Formicid Fire Elementalist)  Turns: 1334, Time: 00:02:11

Health: -1/36      AC: 21    Str: 12    XL:     3   Next: 30%
Magic:  2/6        EV:  2    Int: 15    God:
Gold:   68         SH:  0    Dex: 11    Spells: 2/6 levels left

rFire    . . .     SeeInvis .   c - +0 mace
rCold    . . .     Faith    .   (no shield)
rNeg     + + +     Spirit   .   (armour currently unavailable)
rPois    +         Reflect  .   (helmet unavailable)
rElec    .         Harm     .   (cloak currently unavailable)
rCorr    .         Rampage  .   (gloves currently unavailable)
Will     .....                  (boots currently unavailable)
Stlth    ++........             (no amulet)
HPRegen  0.12/turn              (no ring)
MPRegen  0.10/turn              (no ring)

@: lethally poisoned (-1 -> -4), tree-form, very slightly contaminated
A: stationary, stasis, torment immunity, boosted hp, permanent stasis, dig
shafts and tunnels, (antennae 3), four strong arms
a: no special abilities


You were on level 4 of the Dungeon.
You were a tree.
You visited 1 branch of the dungeon, and saw 3 of its levels.

You collected 68 gold pieces.

Inventory:

Hand Weapons
 c - a +0 mace (weapon)
Armour
 a - a +0 robe (melded)
Jewellery
 d - a ring of magical power
Potions
 e - a potion of invisibility


   Skills:
 + Level 0.2 Maces & Flails
 + Level 1.8 Dodging
 - Level 2.4 Stealth
 * Level 2.4 Spellcasting
 * Level 1.3 Conjurations
 * Level 3.7 Fire Magic


You had 2 spell levels left.
You knew the following spells:

 Your Spells              Type           Power      Damage    Failure   Level
a - Foxfire               Conj/Fire      36%        2x1d5     8%          1
b - Conjure Flame         Conj/Fire      9%         6-21      22%         3

Your spell library contained the following spells:

 Spells                   Type           Power      Damage    Failure   Level
 Inner Flame              Hex/Fire       7%         N/A       30%         3
 Sticky Flame             Conj/Fire      9%         2d3       58%         4
 Fireball                 Conj/Fire      4%         3d4       91%         5


Dungeon Overview and Level Annotations

Branches:
Dungeon (2/15)

Altars:


Innate Abilities, Weirdness & Mutations

You are a tree.
Your roots penetrate the ground, keeping you stationary.
You cannot be teleported.
You are immune to unholy pain and torment.
Your maximum health is greatly increased.
Your equipment is partially melded.
You cannot be hasted, slowed, berserked, paralysed or teleported.
You can dig through walls and to a lower floor.
((You have a pair of large antennae on your head. (SInv)))
Your four strong arms can wield two-handed weapons with a shield.


Message History

The foxfire hits the adder.
The adder is heavily wounded.
The foxfire hits the adder.
The adder is almost dead.
The adder bites you.
You are poisoned.
The adder poisons you!
You feel sick. The adder bites you but does no damage.
The adder closely misses you.
You closely miss the adder.
The adder is severely wounded.
You feel sick. The adder bites you.
You are more poisoned.
The adder poisons you!
You barely miss the adder.
The adder is severely wounded.
You feel sick. The adder barely misses you. The adder closely misses you.
You barely miss the adder.
The adder is severely wounded.
You feel sick. The adder bites you.
You are more poisoned.
The adder poisons you! The adder bites you.
* * * LOW HITPOINT WARNING * * *
Casting: Foxfire (safe; 8% risk of failure)
Confirm with . or Enter, or press ? or * to list all spells.
You miscast Foxfire.
You are very lightly contaminated with residual magic.
Nothing appears to happen.
* * * LOW HITPOINT WARNING * * *
You feel sick. The adder bites you but does no damage.
It was a potion of lignification.
You turn into a tree.
Your +0 robe melds into your body.
Your roots penetrate the ground.
* * * LOW HITPOINT WARNING * * *
You feel sick. The adder bites you but does no damage. The adder bites you.
* * * LOW HITPOINT WARNING * * *
You barely miss the adder.
The adder is severely wounded.
* * * LOW HITPOINT WARNING * * *
You feel sick. The adder bites you.
You die...

{ . { .. ...
...########
#.......#
#....S..#
#...♣...#
#.......#
#...........
#.###+##.....
... ..... ...
..... ...
..... ... ...


You could see an adder.

Vanquished Creatures
  A gnoll (D:1)
  2 endoplasms
  A giant cockroach (D:1)
  4 hobgoblins (D:1)
  6 bats
  2 frilled lizards (D:1)
  A kobold (D:2)
  3 rats (D:1)
20 creatures vanquished.

Vanquished Creatures (others)
  47 foxfires
47 creatures vanquished.

Grand Total: 67 creatures vanquished

Notes
Turn   | Place    | Note
-------+----------+-------------------------------------------
     0 | D:1      | funkygono the Formicid Fire Elementalist began the quest
                  | for the Orb.
     0 | D:1      | Reached XP level 1. HP: 13/13 MP: 3/3
   261 | D:1      | Reached XP level 2. HP: 19/19 MP: 3/5
   371 | D:1      | Reached skill level 1 in Conjurations
   691 | D:1      | Reached XP level 3. HP: 24/24 MP: 2/6
   695 | D:1      | Learned a level 3 spell: Conjure Flame
  1184 | D:2      | Found a faded altar of an unknown god.
  1301 | D:2      | You fall into a shaft and drop 2 floors!
  1334 | D:4      | HP: 1/36 [poisoned by an adder]
  1334 | D:4      | Slain by an adder

Illustrated notes

Levels and vault maps discovered:
D:1:      scummos_arrival_checkerplants, layout_basic, minmay_misc_feat_tiny,
          bh_walls_and_bars
D:2:      layout_rooms, hellmonk_ecumenical_altar_zigzags
D:4:      layout_gridville, nicolae_ossuary_entry_monument, uniq_purgy,
          uniq_menkaure, uniq_pikel

Skill      XL: |  1  2 |
---------------+-------+-----
Conjurations   | 1 |  1.3
Maces & Flails | |  0.2
Dodging        | |  1.8
Stealth        | |  2.4
Spellcasting   | |  2.4
Fire Magic     | |  3.7

Action                   || total
-------------------------++-------
Melee: Mace              ||    23
 Cast: Foxfire           ||    34
  Use: Scroll            ||     2
       Potion            ||     1
Armor: Robe              ||     9
       Skin              ||     1
Dodge: Dodged            ||    37

Table legend: (Time is in decaauts)
 A = Elapsed time spent in this place.
 B = Non-inter-level travel time spent in this place.
 C = Inter-level travel time spent in this place.
 D = Time resting spent in this place.
 E = Time spent auto-exploring this place.
 F = Levels seen in this place.
 G = Mean time per level.
                   A        B        C        D        E       F      G
               +--------+--------+--------+--------+--------+-----+--------+
         Total |   1341 |   1306 |     35 |      0 |   1117 |   3 |  447.0 |
       Dungeon |   1341 |   1306 |     35 |      0 |   1117 |   3 |  447.0 |
               +--------+--------+--------+--------+--------+-----+--------+

Top non-repeatable levels by time:
     D:1: 1163 daAuts
     D:2: 144 daAuts
     D:4: 33 daAuts
